 Dungeon Crawl Stone Soup version 0.29-a0-410-g9596d59a08 (webtiles) character file.

Game seed: 10168795793828905381

342 BlueGoblin the Insei (level 6, -7/38 HPs)
             Began as an Octopode Transmuter on May 14, 2022.
             Shot with an arrow by a centaur (10 damage)
             ... on level 4 of the Dungeon.
             The game lasted 00:03:48 (3535 turns).

BlueGoblin the Insei (Octopode Transmuter)          Turns: 3535, Time: 00:03:48

Health: -7/38      AC:  1    Str: 10    XL:     6   Next: 57%
Magic:  8/9        EV: 13    Int: 17    God:
Gold:   180        SH:  0    Dex: 12    Spells: 6/9 levels left

rFire   . . .      SeeInvis .     - Unarmed
rCold   . . .      Faith    .   (no shield)
rNeg    . . .      Spirit   .   (helmet currently unavailable)
rPois   .          Reflect  .   (no amulet)
rElec   .          Harm     .   (no ring)
rCorr   .          Rampage  .   (no ring)
Will    .....                   (no ring)
Stlth   ++........              (no ring)
HPRegen 0.12/turn               (no ring)
MPRegen 0.11/turn               (no ring)
                                (no ring)
                                (no ring)

@: appendages, attractive
A: tentacle spike 3, almost no armour, amphibious, 8 rings, camouflage 1,
gelatinous body 1, (nimble swimmer 1), tentacles
a: End Transformation


You were on level 4 of the Dungeon.
One of your tentacles had grown a beastly spike.
You visited 1 branch of the dungeon, and saw 4 of its levels.

You collected 180 gold pieces.

Inventory:

Armour
 b - an orb of wrath
Wands
 i - a wand of iceblast (15)
Scrolls
 a - a scroll of identify
 c - a scroll of teleportation {unknown}
 e - a scroll of blinking {unknown}
 j - a scroll of magic mapping {unknown}
 k - a scroll of enchant weapon {unknown}
Potions
 f - a potion of magic {unknown}
 g - a potion of might {unknown}
 h - a potion of attraction


   Skills:
 + Level 1.5 Fighting
 + Level 2.2 Dodging
 + Level 5.4 Unarmed Combat
 - Level 2.0 Spellcasting
 * Level 4.6 Transmutations


You had 6 spell levels left.
You knew the following spells:

 Your Spells              Type           Power      Damage    Failure   Level
a - Beastly Appendage     Tmut           34%        N/A       3%          1
q - Wereblood             Tmut           17%        N/A       4%          2

Your spell library contained the following spells:

 Spells                   Type           Power      Damage    Failure   Level
 Spider Form              Tmut/Pois      9%         N/A       22%         3
 Ignite Poison            Fire/Tmut/Pois 6%         N/A       30%         3
 Mephitic Cloud           Conj/Pois/Air  1%         N/A       50%         3
 Ice Form                 Ice/Tmut       9%         N/A       58%         4
 Freezing Cloud           Conj/Ice/Air   0%         6-21      99%         5


Dungeon Overview and Level Annotations

Branches:
Dungeon (4/15)
 Temple: D:4-7

Altars:
Sif Muna


Innate Abilities, Weirdness & Mutations

One of your tentacles has grown a beastly spike.
You cannot wear most types of armour.
You are amphibious.
You can wear up to eight rings at the same time.
Your skin changes colour to match your surroundings (Stealth+).
Your rubbery body absorbs attacks. (AC +1, EV +1)
((You are camouflaged when in or above water. (Stealth+)))
You have tentacles for arms and can constrict up to eight enemies at once.


Message History

A goblin is nearby!
A goblin is nearby!
A goblin is nearby!
A jelly comes into view.
The goblin shouts!
You hear a shout!
You hear an angry growl.
A centaur comes into view.
A kobold comes into view.
It is wielding a +0 whip and quivering poisoned darts.
A kobold comes into view. It is wielding a +0 short sword.
The centaur wields a +0 shortbow.
The centaur shoots an arrow.
The arrow barely misses you.
The kobold moves out of view.
One of your tentacles grows a vicious spike.
The jelly quivers.
The centaur shoots an arrow.
The arrow hits you.
A black bear comes into view.
The goblin barely misses you.
You tentacle-slap the goblin.
You kill the goblin!
The centaur shoots an arrow.
The arrow hits you!
The centaur shoots an arrow.
The arrow hits you!
* * * LOW HITPOINT WARNING * * *
You are too injured to fight recklessly!
Okay, then.
As you read the scroll labelled SEAVAB YNEX, it crumbles to dust.
It is a scroll of identify.
d - 2 potions of curing The jelly barely misses you.
You feel better.
The centaur unwields a +0 shortbow.
The centaur hits you. The centaur barely misses you. The centaur hits you.
The centaur kicks you.
* * * LOW HITPOINT WARNING * * *
The jelly completely misses you.
You feel better. The centaur hits you. The centaur misses you.
The jelly barely misses you. The centaur barely misses you.
The centaur kicks you.
The centaur wields a +0 shortbow.
The centaur shoots an arrow.
The arrow hits you!
* * * LOW HITPOINT WARNING * * *
It was a potion of attraction.
You feel attractive to monsters.
The centaur shoots an arrow.
The arrow hits you!
You die...

#.# .# #..##. #.... #
#..K .# .hK## #.# #+#
#.h###.# #.# # ##c....##
#.# #.#.J.....# ##.#####
####.#@##.##.###.......
#.........#.#.##........
#.###....###..###.......
###...#.............
........#.##.####......
######.#####.# #......
#.#####.# #......
#.......# #.#####
######### #.#


You could see a black bear, a centaur and a jelly.

Vanquished Creatures
  Sigmund (D:3)
  An orc priest (D:4)
  Jessica (D:3)
  Ijyb (D:3)
  Terence (D:2)
  2 adders
  2 worms
  3 dart slugs
  3 orcs (D:4)
  4 ball pythons
  6 bats
  2 endoplasms (D:3)
  4 giant cockroaches
  3 goblins
  5 hobgoblins
  5 jackals (D:2)
  4 kobolds
  A quokka (D:2)
  5 rats
54 creatures vanquished.

Notes
Turn   | Place    | Note
-------+----------+-------------------------------------------
     0 | D:1      | BlueGoblin the Octopode Transmuter began the quest for the
                  | Orb.
     0 | D:1      | Reached XP level 1. HP: 13/13 MP: 3/3
    23 | D:1      | Found a faded altar of an unknown god.
   322 | D:1      | Reached XP level 2. HP: 15/18 MP: 3/5
   942 | D:1      | Learned a level 2 spell: Wereblood
  1031 | D:2      | Reached XP level 3. HP: 23/23 MP: 3/6
  1158 | D:2      | Found a shimmering blue altar of Sif Muna.
  1163 | D:2      | Noticed Terence
  1173 | D:2      | Killed Terence
  1174 | D:2      | Reached skill level 4 in Unarmed Combat
  1506 | D:2      | Reached XP level 4. HP: 28/28 MP: 5/7
  2141 | D:3      | Noticed Jessica
  2172 | D:3      | Killed Jessica
  2249 | D:3      | Noticed Ijyb
  2259 | D:3      | Killed Ijyb
  2260 | D:3      | Reached XP level 5. HP: 24/33 MP: 6/8
  2634 | D:3      | Noticed Sigmund
  2646 | D:3      | Killed Sigmund
  2647 | D:3      | Reached skill level 5 in Unarmed Combat
  2647 | D:3      | Reached XP level 6. HP: 21/38 MP: 9/9
  3528 | D:4      | Noticed a black bear
  3535 | D:4      | Shot with an arrow by a centaur

Illustrated notes

Levels and vault maps discovered:
D:1:      dpeg_arrival_simpleton_c, layout_basic,
          ebering_ecumenical_altar_sacrificial
D:2:      layout_rooms, basic_altar, roderic_serpentine_path,
          kennysheep_generic_room_7, uniq_terence
D:3:      layout_basic, uniq_jessica, uniq_ijyb, uniq_sigmund
D:4:      layout_loops_corners, gammafunk_ghost_split,
          chequers_serial_rivers_small_3, kennysheep_another_room,
          minmay_splitting_lines, minivault_23, minmay_bisected

Skill      XL: |  1  2  3  4  5 |
---------------+----------------+-----
Unarmed Combat | 4 5 |  5.4
Transmutations | 3 4 |  4.6
Fighting       | |  1.5
Dodging        | |  2.2
Spellcasting   | |  2.0

Action                   |  1- 3 |  4- 6 || total
-------------------------+-------+-------++-------
Melee: Unarmed           |    52 |    70 ||   122
       Constrict         |    18 |    18 ||    36
       Kick              |    11 |    25 ||    36
       Tentacles         |     9 |    11 ||    20
       Punch             |     2 |     1 ||     3
 Cast: Beastly Appendage |    11 |    20 ||    31
       Wereblood         |     1 |     3 ||     4
  Use: Scroll            |     4 |     1 ||     5
       Potion            |     1 |     3 ||     4
 Stab: Sleeping          |     2 |     4 ||     6
Armor: Skin              |    12 |     1 ||    13
Dodge: Dodged            |    41 |    52 ||    93

Table legend: (Time is in decaauts)
 A = Elapsed time spent in this place.
 B = Non-inter-level travel time spent in this place.
 C = Inter-level travel time spent in this place.
 D = Time resting spent in this place.
 E = Time spent auto-exploring this place.
 F = Levels seen in this place.
 G = Mean time per level.
                   A        B        C        D        E       F      G
               +--------+--------+--------+--------+--------+-----+--------+
         Total |   3526 |   3384 |    142 |    296 |   2684 |   4 |  881.5 |
       Dungeon |   3526 |   3384 |    142 |    296 |   2684 |   4 |  881.5 |
               +--------+--------+--------+--------+--------+-----+--------+

Top non-repeatable levels by time:
     D:3: 1136 daAuts
     D:2: 1129 daAuts
     D:1: 969 daAuts
     D:4: 290 daAuts
